Cogmind - Beta 14 @@@ ROGUE MODE // 2025.03.21 @ 13:56:36 Player: Brananarchy Result: Destroyed by S-10 Pest via exploding Nuclear Reactor Performance ------------- Evolutions (1) 500 Regions Visited (2) 400 Robots Destroyed (20) 100 Value Destroyed (313) 313 Prototype IDs (0) 0 Alien Tech Used (0) 0 Bonus (0) 0 TOTAL SCORE: 1313 Bonus ------- None Cogmind --------- Core Integrity 0/400 Matter 213/300 Energy 100/100 System Corruption 0% Temperature Cool (4) Movement Flying (40) Location -9/Materials Parts ------- > --- POWER (1) -------- (None) > --- PROPULSION (2) --- Flight Unit > --- UTILITY (3) ------ Improved Sensor Array > --- WEAPON (3) ------- (None) > --- INVENTORY (5) ---- Flight Unit Light Assault Rifle Peak State ------------ > --- POWER ------------ Light Ion Engine > --- PROPULSION ------- Flight Unit Flight Unit > --- UTILITY ---------- Improved Sensor Array > --- WEAPON ----------- Light Assault Rifle Light Assault Rifle Improved Datajack > --- INVENTORY -------- Flight Unit Flight Unit Light Assault Rifle Heavy Assault Rifle [Rating: 11] Favorites ----------- Power Ion Engine Engine Ion Engine Propulsion Aluminum Leg Leg Aluminum Leg Flight Unit Flight Unit Utility Light Armor Plating Device Heat Sink Protection Light Armor Plating Weapon Light Assault Rifle Energy Gun Medium Laser Ballistic Gun Light Assault Rifle Special Melee Weapon Improved Datajack Build | -11 -10 -9 ------- Run | Yrd Mat Mat Slots Evolved 2 | . . 2 Power . | . . . Propulsion . | . . . Utility 1 | . . 1 Weapon 1 | . . 1 Parts Attached 33 | 6 5 22 Power 7 | 2 2 3 Engine 7 | 2 2 3 Core . | . . . Reactor . | . . . Propulsion 9 | 2 1 6 Treads . | . . . Leg 5 | 2 1 2 Wheel . | . . . Hover . | . . . Flight 4 | . . 4 Utility 4 | . 2 2 Device 2 | . . 2 Storage . | . . . Processor . | . . . Hackware . | . . . Protection 2 | . 2 . Artifact . | . . . Weapon 13 | 2 . 11 Energy Gun 1 | 1 . . Energy Cannon . | . . . Ballistic Gun 11 | 1 . 10 Ballistic Cannon . | . . . Launcher . | . . . Special Weapon . | . . . Impact Weapon . | . . . Slashing Weapon . | . . . Piercing Weapon . | . . . Special Melee Weapon 1 | . . 1 Unidentified Prototypes . | . . . Parts Lost 17 | . 2 15 Power 3 | . . 3 Propulsion 5 | . . 5 Utility 3 | . 1 2 Weapon 6 | . 1 5 Highest Loss Streak 7 | . 2 7 To Critical Strikes . | . . . Average Slot Usage (%) 72 | . 88 59 Engine 10 | . 14 7 Leg 16 | . 28 7 Flight 5 | . . 9 Device 4 | . . 8 Protection 9 | . 20 1 Energy Gun 6 | . 14 1 Ballistic Gun 17 | . 11 23 Peak Build Rating 11 | 5 7 11 Average Rating 5 | 3 6 6 On Entrance 3 | . 5 5 Naked Turns . | . . . Heaviest Build 15 | 9 15 10 Greatest Support 20 | 20 20 20 Greatest Overweight (x) 2 | . . 2 Average Overweight (x) . | . . . Largest Inventory Capacity 5 | 5 5 5 Average Capacity 5 | 5 5 5 Most Carried 5 | 3 4 5 Average Carried 2 | . 2 2 Final Capacity 5 | 5 5 5 Final Carried 3 | 2 3 2 Class Distribution -------------------- 64% | Mutant 25% | Scavenger-Gunner 10% | Scavenger-Skirmisher Dominant Class ---------------- Mutant | -10/Materials Scavenger-Gunner | -9/Materials Resources | -11 -10 -9 ----------- Run | Yrd Mat Mat Matter Collected 543 | 265 42 236 Remotely . | . . . Salvage Created 404 | 39 91 274 Parts 45 | 4 12 29 Haulers Intercepted . | . . . Recyclers Shooed . | . . . Parts Field Recycled . | . . . Retrieved Matter . | . . . Parts Self-Destructed . | . . . Prevented . | . . . Kills | -11 -10 -9 ------- Run | Yrd Mat Mat Combat Hostiles Destroyed 19 | 1 5 13 Guns 19 | 1 5 13 Classes Destroyed 4 | 1 1 2 Watcher 1 | . . 1 Swarmer 15 | . 4 11 Grunt 3 | 1 1 1 Sentry 1 | . . 1 Best Kill Streak 4 | 1 3 4 Combat Bots Only 3 | 1 3 3 Max Kills in Single Turn 1 | 1 1 1 Gunslinging . | . . . Exploded . | . . . Melee . | . . . Uniques/NPCs Destroyed . | . . . Combat | -11 -10 -9 -------- Run | Yrd Mat Mat Hostile Shots Fired 289 | 6 80 203 Missed 93 | 2 27 64 Damage Taken 1809 | 45 523 1241 Core 537 | 21 100 416 Absorbed by Shields . | . . . Regen/Repaired (Parts) 30 | . 30 . Core Remaining (%) 71 | 91 51 . Volleys Fired 84 | 5 26 53 Largest 3 | 2 2 3 Hottest 70 | 70 70 63 Shots Fired 178 | 10 42 126 Gun 178 | 10 42 126 Cannon . | . . . Launcher . | . . . Special . | . . . Kinetic 143 | 5 16 122 Thermal 35 | 5 26 4 Explosive . | . . . Electromagnetic . | . . . Robot Hit Streak 9 | 4 9 9 Robot Miss Streak 5 | 2 4 5 Penetration Max . | . . . Secondary Targets 5 | . . 5 Max Gunslinging Chain 1 | . . 1 Shots Hit Robots 95 | 6 20 69 Core Hits 35 | 2 8 25 Critical Kills . | . . . Critical Parts Destroyed 3 | . . 3 Critical Strikes 5 | . 1 4 Burn 2 | . 1 1 Destroy 3 | . . 3 Melee Attacks 1 | . . 1 Impact . | . . . Slashing . | . . . Piercing . | . . . Sneak Attacks . | . . . Combat Hostiles . | . . . Follow-up Attacks . | . . . Damage Inflicted 953 | 77 284 592 Guns 943 | 77 277 589 Cannons . | . . . Explosions . | . . . Melee . | . . . Ramming 10 | . 7 3 Kinetic 716 | 39 101 576 Thermal 227 | 38 176 13 Explosive . | . . . Electromagnetic . | . . . Impact . | . . . Slashing . | . . . Piercing . | . . . Highest Corruption . | . . . Average Corruption . | . . . Corruption Purged . | . . . Corruption Blocked . | . . . Overload Shots . | . . . Overflow Damage . | . . . Projectiles . | . . . Explosions . | . . . Melee . | . . . Knockbacks . | . . . Impact . | . . . Kinetic . | . . . Secondary . | . . . Self-Inflicted Damage . | . . . Shots . | . . . Rammed . | . . . Targets Rammed 3 | . 1 2 Kicked 3 | . 1 2 Crushed . | . . . Highest Temperature 205 | 69 205 36 Average Temperature 47 | 37 69 11 Received Heat Transfer 195 | 24 132 39 Siege Activations . | . . . Robots Corrupted . | . . . Combat Hostiles . | . . . Parts Fried . | . . . Impact Corruptions . | . . . Robots Melted . | . . . Combat Hostiles . | . . . Parts Melted . | . . . Heat Transferred 814 | 111 592 111 Parts Sabotaged . | . . . Parts Stolen . | . . . Parts Stripped . | . . . Power Chain Reactions . | . . . Alert | -11 -10 -9 ------- Run | Yrd Mat Mat Peak Influence 328 | 20 223 328 Initial 93 | . 13 93 Average 144 | 3 133 180 Maximum Alert Level 1 | . 1 1 Low Security (%) 71 | 100 82 56 Level 1 28 | . 17 43 Level 2 . | . . . Level 3 . | . . . Level 4 . | . . . Level 5 . | . . . High Security . | . . . Max Security . | . . . Squads Dispatched . | . . . Investigation . | . . . Extermination . | . . . Reinforcement . | . . . Assault . | . . . Garrison . | . . . Intercept . | . . . Searches Triggered . | . . . Construction Impeded . | . . . Haulers Reinforced . | . . . Active Scanning Responses . | . . . Cargo Convoy Interrupts . | . . . Stealth | -11 -10 -9 --------- Run | Yrd Mat Mat Distress Signals 1 | . 1 . Communications Jammed . | . . . Distress Signals . | . . . Times Spotted 40 | 1 12 27 Peak Tracking Total 10 | 1 5 10 Tactical Retreats 6 | . 3 3 Traps | -11 -10 -9 ------- Run | Yrd Mat Mat Traps Triggered . | . . . Indirectly . | . . . Trap Hack Attempts . | . . . Triggered . | . . . Disarmed . | . . . Reprogrammed . | . . . Reused . | . . . Traps Extracted . | . . . Installed . | . . . Triggered . | . . . Machines | -11 -10 -9 ---------- Run | Yrd Mat Mat Machines Disabled . | . . . Max in Single Turn . | . . . Machines Repaired . | . . . Machines Dismantled . | . . . Machines Sabotaged . | . . . Overloaded Fab Kills . | . . . Hacking | -11 -10 -9 --------- Run | Yrd Mat Mat Machines Accessed 3 | . 2 1 Terminals 1 | . 1 . Fabricators . | . . . Repair Stations 1 | . 1 . Recycling Units 1 | . . 1 Scanalyzers . | . . . Garrison Access . | . . . Total Hacks 4 | . 3 1 Successful 4 | . 3 1 Failed . | . . . Catastrophic . | . . . Database Lockouts . | . . . Manual . | . . . Terminals 1 | . 1 . Fabricators . | . . . Repair Stations 2 | . 2 . Recycling Units 1 | . . 1 Scanalyzers . | . . . Garrison Access . | . . . Terminal Hacks 1 | . 1 . Record 1 | . 1 . Fabricator Hacks . | . . . Repair Station Hacks 2 | . 2 . Scan Component 1 | . 1 . Repair 1 | . 1 . Recycling Unit Hacks 1 | . . 1 Report Inventory 1 | . . 1 Scanalyzer . | . . . Garrison Access Hacks . | . . . Unauthorized Hacks . | . . . Terminals . | . . . Fabricators . | . . . Repair Stations . | . . . Recycling Units . | . . . Scanalyzers . | . . . Garrison Access . | . . . Data Cores Recovered . | . . . Used . | . . . Hacking Detections 1 | . 1 . Full Trace Events . | . . . Feedback Events . | . . . Feedback Blocked . | . . . Robot Schematics Acquired . | . . . Robots Built . | . . . Authchips . | . . . Time . | . . . Total Robot Build Rating . | . . . Part Schematics Acquired . | . . . Parts Built . | . . . Authchips . | . . . Time . | . . . Total Part Build Rating . | . . . Parts Repaired 1 | . 1 . Time 26 | . 26 . Parts Recycled . | . . . Recycled Matter . | . . . Retrieved Matter . | . . . Retrieved Components . | . . . Parts Scanalyzed . | . . . Part Schematics Acquired . | . . . Parts Damaged . | . . . Bothacking | -11 -10 -9 ------------ Run | Yrd Mat Mat Used RIF Installer . | . . . Robots Hacked 1 | . . 1 Non-combat . | . . . Combat 1 | . . 1 Robot Hacks Applied 1 | . . 1 parse_system 1 | . . 1 Relay Couplers Released . | . . . Fabnet Peak Effective % . | . . . Robots Rewired . | . . . Allies Hacked . | . . . Hacks Repelled . | . . . Allies | -11 -10 -9 -------- Run | Yrd Mat Mat Total Allies . | . . . Largest Group . | . . . Highest-Rated Group . | . . . Highest-Rated Ally . | . . . Total Orders . | . . . Ally Attacks . | . . . Total Damage . | . . . Kills . | . . . Allies Corrupted . | . . . Allies Melted . | . . . Intel | -11 -10 -9 ------- Run | Yrd Mat Mat Robot Analysis Total . | . . . Derelict Logs Recovered . | . . . Drone Launches . | . . . Drone Recoveries . | . . . Exploration | -11 -10 -9 ------------- Run | Yrd Mat Mat Turns Passed 860 | 81 349 430 Spaces Moved 651 | 56 219 376 Core 30 | 20 . 10 Treads . | . . . Legs 376 | 36 219 121 Wheels . | . . . Hover . | . . . Flight 245 | . . 245 Fastest Speed 37 | 50 120 37 Average Speed 87 | 95 120 66 Slowest Speed 150 | 120 120 150 Overloaded Moves . | . . . Propulsion Burnouts . | . . . Robots Hopped 2 | . . 2 Cave-ins Triggered . | . . . Exploration Rate (%) 28 | 5 47 34 Regions Visited 2 Branch Regions . Pre-discovered Areas . | . . . Known Exits Taken . | . . . Unknown Exits Taken 2 | 1 1 . Scrap Searched . | . . . Spaces Dug . | . . . Terrain Destroyed . | . . . Melee . | . . . Projectile . | . . . AOE . | . . . Terrain Rammed . | . . . Walls Destroyed . | . . . Machines Disabled . | . . . Actions | -11 -10 -9 --------- Run | Yrd Mat Mat Total 809 | 73 262 474 Wait 8 | . 8 . Move 645 | 55 218 372 Hop 2 | . . 2 Pick Up 27 | 7 4 16 Fast Attach 1 | . . 1 Attach 21 | 5 3 13 Detach . | . . . Swap 11 | 1 2 8 Drop 6 | . . 6 Fire 84 | 5 26 53 Melee 1 | . . 1 Ram . | . . . Kick 3 | . 1 2 Crush . | . . . Escape Stasis . | . . . Rewire . | . . . Trap . | . . . Miscellaneous . | . . . Route ------- -11/Scrapyard -10/Materials -9/Materials (discovered 2 exits: [*Mat] / [*Min]) History --------- Turn | Location | Event 2 | -11/Scrapyard | Met Revision 17 50 | -11/Scrapyard | Discovered new exit (range 8) 82 | -11/Scrapyard | Entered Materials 266 | -10/Materials | Repaired Ion Engine 308 | -10/Materials | Build established: Mutant 417 | -10/Materials | Discovered new exit (range 12) 431 | -10/Materials | Entered another Materials area 431 | -9/Materials | Evolved 2 slots: Utility x1, Weapon x1 522 | -9/Materials | Lost 3 parts (1p1u1w) 742 | -9/Materials | Core integrity fell below 50% 773 | -9/Materials | Discovered new exit (range 9) 843 | -9/Materials | Core integrity fell below 20% 854 | -9/Materials | Discovered new exit (range 14) 861 | -9/Materials | Destroyed by S-10 Pest via exploding Nuclear Reactor Last Messages --------------- K-01 Serf cleans the Scanalyzer. S-10 Pest suffers critical hit (Destroy). Destroyed Lgt. Assault Rifle. K-01 Serf cleans the Scanalyzer. S-10 Pest destroyed. K-01 Serf collects debris. S-10 Pest destroyed. Switching to secondary target: S-10 Pest. Lgt. Ion Engine destroyed. K-01 Serf collects debris. K-01 Serf cleans the Scanalyzer. EXIT=FOUND S-10 Pest destroyed. K-01 Serf collects debris. Flight Unit destroyed. W-16 Scout destroyed. Nuclear Reactor explodes. S-10 Pest destroyed. Hvy. Assault Rifle destroyed. Lgt. Assault Rifle destroyed. Map ----- +----------------------------------------------------+ | ????????????????????????? #????????????????# | | ???????????????????????? #????????????????# | | ??????????????????????? ### ##????##########??# | | ??????????????????????# ??#+#?????# #??# | | ????????????????????? ???????????# """ #??# | | ???????????????????? ???????????# """ #??## | | ??????????????????? ????????????# """ #???# | | ???????????????????####?????????????# #???# | | ???????????????????????????########## """ #???# | | ???????????????????????????# ## """ #???# | | ??????????????????????? ?# ## """ #???# | | ?????????????????????! ?# ## #???# | | ?????????????????????" u< ?# ! ####+########## | | ?????????????????????! ?# # | | ?????????????????????? ?# """ + | | ?????????????????????? ?# """"" # | | ?????????????#####????# ?# """"" # ############# | | ????????????? #####t ## """"" # #???????????? | | ????????????? k % u ## """ # #???????????? | | ????????????w s ## # #???????????? | | ????????????# T s ########## #???????????? | | ????????????# % s ##########+###?????????? | | ?????????????# =## #?????????? | | ?????????????# %*%## """ r #?????????? | | ?????????????# [ !%# """ """ [#?????????? | | ?????????????+ [@u/ "S k""" *%##????????? | | ?????????????# u# """ """ #????????? | | ?????????????# *%=# "" ##????????? | | ?????????????#[[[ # #?????????? | | ?????????????#[[[ """ #############?????????? | | ?????????????#[[ """ #?????????????????????? | | ?????????????# """ ?????????????????????? | | ?????????????# ?????????????????????? | | ????????????? ? ?????????????????????? | | ?????????????####+???####### ????????????????????? | | ????????????????????????????#????????????????????? | | ?????????????????????????????????????????????????? | | ?????????????????????????????????????????????????? | | ?????????????????????????????????????????????????? | | ?????????????????????????????????????????????????? | | ?????????????????????????????????????????????????? | | ?????????????????????????????????????????????????? | | ?????????????????????????????????????????????????? | | ?????????????????????????????????????????????????? | | ?????????????????????????????????????????????????? | | ?????????????????????????????????????????????????? | | ?????????????????????????????????????????????????? | | ?????????????????????????????????????????????????? | | ?????????????????????????????????????????????????? | | ?????????????????????????????????????????????????? | +----------------------------------------------------+ Best States ------------- Heat Dissipation 38 Energy Generation 10 Energy Capacity 250 Matter Stores 300 Matter Capacity 300 Sight Range 16 Robot Scan Range 15 Terrain Scan Density 10 Armor Coverage 300 Evasion (%) 62 Item Schematics ----------------- None Robot Schematics ------------------ None Fabricated ------------ Nothing Alien Tech Used ----------------- None Achievements -------------- None Challenges ------------ None Game ------ Seed TargetingControlFragment Manual? 0 Play Time 00:17:20 Cumulative 0.8 hours Start 2025.03.21 @ 13:39:30 End 2025.03.21 @ 13:56:36 Sessions 1 Manual Loads 0 Difficulty Rogue Special Mode None Game No. 2 Rogue 2 Adventurer 0 Explorer 0 Win Type - Total 0 Types 0/0/0/0/0/0/0/0/0 Lore% 0 Gallery% 2 Achievement% 10 Wizard Run 0 Options --------- Layout 1 ASCII 0 Keyboard 0 Movement Mouse Keybinds 0 Fullscreen 1 Font 32/SmallcapsGlow Map View 50x35 Zoom Use 0% Tactical HUD 0 Map Filters NONE Filters NONE Steam 1 RUN: 903470ea-b24d-4791-b09f-2d61081f0379